AoeStats
← SuperZèbre

Arabia

510274139Analyzed
1v1 RM · 17h ago on Sep 30, 2026· 31m 15s· 2 players
Game mode
Random Map
Map size
Tiny (2 player)
Population
200
Speed
Normal
Resources
Standard
Victory
Conquest
Starting age
Dark Age
Ending age
Imperial Age
RankedLock teamsTeams togetherTeam positionsShared explorationLock speedFull tech treeHidden civsTurbo modeCheats
Victory
Defeat
🇺🇸 Bulgarians · United States
758
+12
🇧🇪 Dravidians · Belgium
673
-12
SuperZèbre
0:47 Loom
13:50 Feudal Age
21:38 Castle Age
19:31 Man-at-Arms
22:14 Long Swordsman
27:02 Double-Bit Axe
silentslyguy
7:29 Loom
10:36 Feudal Age
11:05 Double-Bit Axe
11:45 Horse Collar
15:00 Arson
18:14 Bloodlines
18:08 Scale Mail Armor
18:16 Scale Barding Armor
18:22 Forging
18:59 Wheelbarrow
18:18 Gold Mining
24:24 Castle Age
24:53 Gambesons
25:09 Squires
25:56 Chain Mail Armor
26:23 Stone Mining
26:47 Bow Saw
26:39 Heavy Plow
27:35 Chain Barding Armor
28:39 Husbandry
29:19 Hand Cart
30:41 Iron Casting
Connection lost

Rejoining the realm…

Still unreachable

The connection could not be restored.

Session expired

The server has moved on; the page needs a fresh start.